 Dungeon Crawl Stone Soup version 0.21-a0-442-g848f44b (webtiles) character file.

21 Ijustatesigmund the Charlatan (level 2, -3/20 HPs)
             Began as an Octopode Artificer on Nov 16, 2017.
             Slain by Terence
             ... wielding a +3 flail of holy wrath
              (12 damage)
             ... on level 2 of the Dungeon.
             The game lasted 00:02:22 (1425 turns).

Ijustatesigmund the Charlatan (Octopode Artificer)  Turns: 1425, Time: 00:02:23

Health: -3/20      AC:  1    Str: 11    XL:     2   Next: 83%
Magic:  4/4        EV: 13    Int: 13    God:
Gold:   66         SH:  0    Dex: 12    Spells: 1/1 levels left

rFire    + . .     SeeInvis .   a - +0 whip
rCold    . . .     Gourm    .   (no shield)
rNeg     . . .     Faith    .   (helmet restricted)
rPois    .         Spirit   .   (no amulet)
rElec    .         Reflect  .   h - ring of protection from fire
rCorr    .         Harm     .   (no ring)
MR       .....                  (no ring)
Stlth    +++.......             (no ring)
HPRegen  0.06/turn              (no ring)
MPRegen  0.09/turn              (no ring)
                                (no ring)
                                (no ring)

@: no status effects
A: almost no armour, stealthy swim, amphibious, 8 rings, constrict 8, camouflage
1, gelatinous body 1
a: no special abilities


You were on level 2 of the Dungeon.
You were not hungry.

You visited 1 branch of the dungeon, and saw 2 of its levels.

You collected 66 gold pieces.

Inventory:

Hand Weapons
 a - a +0 whip (weapon)
Jewellery
 h - a ring of protection from fire (left tentacle)
Wands
 b - a wand of flame (15/48)
 c - a wand of enslavement (15/24)
 d - a wand of random effects (14/48)
Scrolls
 k - a scroll of enchant armour
 n - a scroll of teleportation {unknown}
 o - a scroll of identify {unknown}
Potions
 e - 3 potions of lignification {unknown}
 g - a potion of degeneration {unknown}
 i - 2 potions of haste {unknown}
 j - a potion of agility {unknown}
 m - a potion of curing {unknown}
Comestibles
 f - a bread ration
 l - a meat ration


   Skills:
 + Level 2.5 Fighting
   Level 1.0 Short Blades
 + Level 0.5 Maces & Flails
 - Level 2.0 Dodging
 - Level 1.3 Stealth
 - Level 3.2 Evocations


You had one spell level left.
You didn't know any spells.

Dungeon Overview and Level Annotations

Branches:
Dungeon (2/15)

Altars:

Annotations:
D:2 Terence


Innate Abilities, Weirdness & Mutations

You cannot wear most types of armour.
You are very stealthy in the water. (Stealth+)
You are amphibious.
You can wear up to eight rings at the same time.
You can use your tentacles to constrict eight enemies at once.
Your skin changes colour to match your surroundings (Stealth+).
Your rubbery body absorbs attacks. (AC +1, EV +1)


Message History

Terence is severely wounded.
You constrict Terence, but do no damage.
Terence hits you with a flail of holy wrath.
You are too injured to fight recklessly!
You are too injured to fight recklessly!
You are too injured to fight recklessly!
You are too injured to fight recklessly!
You are too injured to fight recklessly!
You are too injured to fight recklessly!
You are too injured to fight recklessly!
You are too injured to fight recklessly!
Evoke which item? (* to show all) (? for menu, Esc to quit)
Aiming: Random Effects
Press: ? - help, Shift-Dir - straight line, f - Terence
Aim: Terence, wielding a flail of holy wrath and wearing a glowing chain mail (severely wounded, constricted by you) Terence resists with some effort.
This wand has 14 charges left.
You constrict Terence, but do no damage.
Terence hits you with a flail of holy wrath!
Ouch! That really hurt!
You die...

..# ..# ..# ..#
..# .[# . ..# ...
..# #######.<...
..#
######...@@......
..#
##......#####....!
#######..###.##
... ###..........#
. ##.....)..#.##
............#
..........#.#
..#...........
#.........#.###


You could see Terence.

Vanquished Creatures
  A dart slug (D:1)
  A leopard gecko (D:1)
  5 bats (D:1)
  A giant cockroach (D:1)
  2 goblins (D:2)
  3 jackals (D:2)
  A kobold (D:1)
  2 rats (D:2)
16 creatures vanquished.

Notes
Turn   | Place    | Note
-------+----------+-------------------------------------------
     0 | D:1      | Ijustatesigmund the Octopode Artificer began the quest for the Orb.
     0 | D:1      | Reached XP level 1. HP: 13/13 MP: 3/3
   292 | D:1      | Reached XP level 2. HP: 19/19 MP: 4/4
  1417 | D:2      | Noticed Terence
  1425 | D:2      | Slain by Terence

Vault maps used:
D:1:      dpeg_arrival_central
D:2:      first_bread, serial_bayou_ford_a, uniq_terence

Skill      XL: |  1 |
---------------+----+-----
Fighting       | 2 |  2.5
Short Blades   | |  1.0
Maces & Flails | |  0.5
Dodging        | |  2.0
Stealth        | |  1.3
Evocations     | |  3.2

Action                   || total
-------------------------++-------
Melee: Short sword       ||    21
       Constrict         ||    11
       Tentacles         ||     8
       Whip              ||    16
Evoke: Wand              ||     1
  Use: Scroll            ||     3
 Stab: Sleeping          ||     2
  Eat: Chunk             ||     1
Armor: Skin              ||     3
Dodge: Dodged            ||    35

Table legend:
 A = Spawn XP
 B = Non-spawn XP
 C = Spawn XP percentage of total XP
 D = Spawn monster count
 E = Non-spawn monster count
 F = Spawn count percentage of total count
 G = Total turns spent on level
                    A         B        C        D         E        F      G
               +---------+---------+-------+---------+---------+-------+---------
         Total |       0 |      30 |   0.0 |       0 |      16 |   0.0 |  1425
               +---------+---------+-------+---------+---------+-------+---------
           D:1 |       0 |      19 |   0.0 |       0 |       9 |   0.0 |  1342
           D:2 |       0 |      11 |   0.0 |       0 |       7 |   0.0 |    83
               +---------+---------+-------+---------+---------+-------+---------
